 Dungeon Crawl Stone Soup version 0.28.0 (webtiles) character file.

Game seed: 7459644029701975689

158 danielguo94 the Cudgeller (level 5, -2/33 HPs)
             Began as a Gargoyle Fighter on Feb 7, 2022.
             Slain by a water moccasin (8 damage)
             ... on level 3 of the Dungeon.
             The game lasted 00:02:20 (2605 turns).

danielguo94 the Cudgeller (Gargoyle Fighter)        Turns: 2605, Time: 00:02:20

Health: -2/33      AC: 11    Str: 22    XL:     5   Next: 40%
Magic:  14/14      EV:  9    Int:  8    God:
Gold:   140        SH:  4    Dex:  9    Spells: 4/4 levels left

rFire   . . .      SeeInvis .   a - +0 flail
rCold   . . .      Faith    .   c - +0 buckler
rNeg    + . .      Spirit   .   b - +0 scale mail
rPois   ∞          Reflect  .   (no helmet)
rElec   +          Harm     .   (no cloak)
rCorr   .          Rampage  .   (no gloves)
Will    .....                   (no boots)
Stlth   ..........              (no amulet)
HPRegen 0.11/turn               g - ring of magical power
MPRegen 0.14/turn               (no ring)

@: no status effects
A: sickness immunity, AC +4, negative energy resistance 1, electricity
resistance, torment resistance 1, petrification resistance
a: no special abilities


You were on level 3 of the Dungeon.
You visited 1 branch of the dungeon, and saw 3 of its levels.

You collected 140 gold pieces.

Inventory:

Hand Weapons
 a - a +0 flail (weapon)
Missiles
 e - 127 stones (quivered)
 i - 2 poisoned darts
Armour
 b - a +0 scale mail (worn)
 c - a +0 buckler (worn)
Jewellery
 g - a ring of magical power (left hand)
 o - a ring of magical power
Scrolls
 f - 2 scrolls of teleportation {unknown}
 h - a scroll of silence {unknown}
 k - 2 scrolls of identify {unknown}
 m - a scroll of enchant weapon {unknown}
 n - a scroll of amnesia {unknown}
Potions
 d - a potion of might
 j - a potion of brilliance {unknown}
 l - a potion of curing {unknown}


   Skills:
 + Level 3.7 Fighting
 * Level 4.3 Maces & Flails
 + Level 4.0 Armour
 + Level 0.3 Dodging
 + Level 3.6 Shields


You had 4 spell levels left.
You didn't know any spells.
Your spell library contained the following spells:

 Spells                   Type           Power      Damage    Failure   Level
 Magic Dart               Conj           0%         1d3       82%         1
 Searing Ray              Conj           0%         2d4       91%         2
 Gell's Gravitas          Tloc           0%         N/A       99%         3
 Teleport Other           Tloc           0%         N/A       99%         3
 Fulminant Prism          Conj/Hex       0%         3d6       100%        4
 Dispersal                Tloc           0%         N/A       100%        6


Dungeon Overview and Level Annotations

Branches:
Dungeon (3/15)

Altars:
Ru


Innate Abilities, Weirdness & Mutations

You are immune to sickness and miasma.
Your stone body is resilient. (AC +4)
You are immune to poison.
You resist negative energy. (rN+)
You are resistant to electric shocks. (rElec)
You are resistant to unholy torment.
You are immune to petrification.


Message History

You are too injured to fight recklessly!
You are too injured to fight recklessly!
You are too injured to fight recklessly!
You are too injured to fight recklessly!
You are too injured to fight recklessly!
You are too injured to fight recklessly!
You are too injured to fight recklessly!
You are too injured to fight recklessly!
You are too injured to fight recklessly!
You are too injured to fight recklessly!
You hit the water moccasin.
The water moccasin is moderately wounded.
The water moccasin bites you but does no damage. x2
You hit the water moccasin but do no damage.
The water moccasin is moderately wounded.
The water moccasin bites you but does no damage.
You miss the water moccasin.
The water moccasin is moderately wounded.
The water moccasin barely misses you. The water moccasin closely misses you.
You closely miss the water moccasin.
The water moccasin is moderately wounded.
You block the water moccasin's attack.
You barely miss the water moccasin.
The water moccasin is moderately wounded.
The water moccasin bites you but does no damage.
You block the water moccasin's attack.
You closely miss the water moccasin.
The water moccasin is moderately wounded.
The water moccasin closely misses you. x2
You barely miss the water moccasin.
The water moccasin is moderately wounded.
You block the water moccasin's attack. The water moccasin bites you.
* * * LOW HITPOINT WARNING * * *
You closely miss the water moccasin.
The water moccasin is moderately wounded.
You block the water moccasin's attack.
You closely miss the water moccasin.
The water moccasin is moderately wounded.
The water moccasin barely misses you. The water moccasin bites you!
You die...

#.....#.##.....
...............
.............
........... #.l.......
#### #g# #... #S# #... .
#S# #... ...######@#
#..) ..........# #####
#... .####''####
#...######... #≈≈≈..§≈≈#
#......[.....
#≈......≈###....#####..)
#§.###..≈#......#...#...
#≈.#..#.≈#......#.#.##÷#
#§.#..#§§######.#......#
#≈..###.≈#.......o..#..#


You could see a water moccasin, an adder, a goblin and a frilled lizard.

Vanquished Creatures
  2 orc priests (D:3)
  An orc wizard (D:2)
  An adder (D:2)
  A dart slug (D:1)
  2 orcs
  7 endoplasms
  4 giant cockroaches
  6 hobgoblins
  2 quokkas
  7 ball pythons
  6 bats
  8 frilled lizards
  6 goblins
  6 kobolds
59 creatures vanquished.

Notes
Turn   | Place    | Note
-------+----------+-------------------------------------------
     0 | D:1      | danielguo94 the Gargoyle Fighter began the quest for the
                  | Orb.
     0 | D:1      | Reached XP level 1. HP: 14/14 MP: 1/1
   227 | D:1      | Reached XP level 2. HP: 19/19 MP: 2/2
   321 | D:1      | Found a faded altar of an unknown god.
   632 | D:1      | Reached XP level 3. HP: 18/23 MP: 3/3
  1733 | D:3      | Reached XP level 4. HP: 28/28 MP: 4/4
  1907 | D:2      | HP: 1/28 [orc wizard (5)]
  2266 | D:3      | Reached XP level 5. HP: 11/32 MP: 5/5
  2487 | D:3      | Found a sacrificial altar of Ru.
  2578 | D:3      | Noticed a water moccasin
  2605 | D:3      | Slain by a water moccasin

Illustrated notes

Levels and vault maps discovered:
D:1:      dpeg_arrival_morbid_curiosity, layout_loops_corners,
          hellmonk_ecumenical_altar_blasted
D:2:      layout_loops_ring
D:3:      layout_basic, nicolae_ru_great_annihilating_truth, st_stairs_6,
          kennysheep_generic_room_7

Skill      XL: |  1  2  3  4 |
---------------+-------------+-----
Maces & Flails | 3 4 |  4.3
Armour         | 4 |  4.0
Fighting       | |  3.7
Dodging        | |  0.3
Shields        | |  3.6

Action                   |  1- 3 |  4- 6 || total
-------------------------+-------+-------++-------
Melee: Flail             |   106 |    84 ||   190
 Stab: Paralysed         |       |     1 ||     1
Armor: Scale mail        |    75 |    35 ||   110
Dodge: Dodged            |    49 |    36 ||    85
Block: Buckler           |    18 |    18 ||    36
